cohdb
Replays
Latest Replays
All Replays
Popular Replays
Top Player Replays
Match Explorer
How It Works
Community
CoH3 Stats
Reddit
Sign in to upload your games and track your stats! →
Sign in with Steam
Match 45448756
Unlisted
Match 45448756
Overview
Messages
Build Orders
End
Panzergrenadier Squad
Selects Italian Infantry
250 Light Carrier
Panzergrenadier Squad
Construct Light Support Kompanie
2.5-tonne Medical Truck
Combat Half-tracks
Fire Support Elements
le.IG 18 Mechanized Group
Selects Guastatori Squad
Veteran Squad Leaders
Selects Registered Artillery
Pak 38 Anti-tank Gun Team
Construct Mechanized Kompanie
rmsi
JIN_47
Bacon
FoxOnTheFront
From Voodoo to Zen
Marowi
A Sassy Badger
Not Emily Willis™
0
0
Comments
sign in to comment!
No comments posted yet!